 Dungeon Crawl Stone Soup version 0.25.0-1-g7eea58d2a3 (webtiles) character file.

Game seed: 327951662200559662

3529 nikku the Thaumaturge (level 9, 0/54 HPs)
             Began as a Deep Elf Conjurer on June 13, 2020.
             Slain by a green ugly thing (8 damage)
             ... on level 7 of the Dungeon.
             The game lasted 00:22:04 (8602 turns).

nikku the Thaumaturge (Deep Elf Conjurer)           Turns: 8602, Time: 00:22:04

Health: 0/54       AC:  8    Str:  5    XL:     9   Next: 82%
Magic:  0/24       EV: 13    Int: 24    God:
Gold:   312        SH:  5    Dex: 15    Spells: 15/26 levels left

rFire    + . .     SeeInvis .   a - +0 long sword
rCold    . . .     Gourm    .   m - +0 buckler
rNeg     . . .     Faith    .   o - +2 robe {rF+}
rPois    .         Spirit   .   (no helmet)
rElec    .         Reflect  .   k - +0 cloak
rCorr    .         Harm     .   (no gloves)
MR       .....                  f - +2 pair of boots
Stlth    ++........             (no amulet)
HPRegen  0.18/turn              (no ring)
MPRegen  0.19/turn              (no ring)

@: very slightly contaminated
A: no striking features
a: no special abilities


You were on level 7 of the Dungeon.
You were hungry.

You visited 1 branch of the dungeon, and saw 7 of its levels.

You collected 312 gold pieces.

Inventory:

Hand Weapons
 a - a +0 long sword (weapon)
Missiles
 b - 29 poisoned darts (quivered)
Armour
 f - a +2 pair of boots (worn)
 k - a +0 cloak (worn)
 m - a +0 buckler (worn)
 o - a +2 robe of fire resistance (worn)
Scrolls
 d - 2 scrolls of teleportation
 i - a scroll of remove curse
 j - 3 scrolls of amnesia
 p - a scroll of enchant weapon
Potions
 c - 2 potions of resistance
 h - 2 potions of lignification
 n - 2 potions of heal wounds
 r - 2 potions of brilliance
Comestibles
 l - 12 rations
 q - 6 chunks of flesh


   Skills:
 + Level 5.4 Fighting
 - Level 2.4 Dodging
 + Level 2.4 Stealth
 * Level 4.5 Shields
 + Level 9.3 Spellcasting
 + Level 5.9 Conjurations
 - Level 7.1 Hexes
 - Level 6.0 Translocations


You had 15 spell levels left.
You knew the following spells:

 Your Spells              Type           Power        Failure   Level  Hunger
a - Magic Dart            Conj           ####         1%          1    None
b - Searing Ray           Conj           #####.       1%          2    None
c - Iskenderun's Mystic   Conj/Tloc      #####...     4%          4    ##.....
d - Fulminant Prism       Conj/Hex       #####.....   3%          4    ##.....

Your spell library contained the following spells:

 Spells                   Type           Power        Failure   Level  Hunger
 Dazzling Flash           Conj/Hex       #####.       1%          3    None


Dungeon Overview and Level Annotations

Branches:
Dungeon (7/15)             Temple (0/1) D:6

Altars:
Ashenzari
Elyvilon
Ru
Trog
Yredelemnul

Shops:
D:5 }   D:6 %[*(


Message History

Energy rips through your body!
* * * LOW HITPOINT WARNING * * *
x2 You feel very sick.
The green ugly thing tentacle-slaps you!
* * * LOW HITPOINT WARNING * * *
Casting: Iskenderun's Mystic Blast (dangerous; 4% risk of failure)
Confirm with . or Enter, or press ? or * to list all spells.
You erupt in a blast of force!
The mystic blast hits the green ugly thing!
The green ugly thing is severely wounded.
The green ugly thing is knocked back by the mystic blast.
* * * LOW HITPOINT WARNING * * *
You feel very sick.
You feel better.
Casting: Iskenderun's Mystic Blast (dangerous; 4% risk of failure)
Confirm with . or Enter, or press ? or * to list all spells.
You miscast Iskenderun's Mystic Blast.
Nothing appears to happen.
You are feeling hungry.
The green ugly thing tentacle-slaps you!
You die...

_ ###### ..8##....#
### ...##.##.# #..
...>#.##.# #.#
...#####.# #.#
..8## #.# #)# _##
####.#######@# ###
#...........u# #.#
#..#.#######.......
#.# #..#.# #.###.<.
#.# #).#)# #.# .
#.# #..#.# #.#
#.###).#.#### #.#
............# #.#
#####..####.# .#


You could see a green ugly thing.

Vanquished Creatures
  Pikel (D:7)
  A hippogriff (D:7)
  Sigmund (D:2)
  Menkaure (D:3)
  Duvessa (D:5)
  A sky beast (D:7)
  An orc warrior (D:7)
  A black bear (D:6)
  An ice beast (D:6)
  3 slaves (D:7)
  4 ogres
  A necrophage (D:6)
  3 centaurs
  4 scorpions
  Dowan (D:5)
  3 crimson imps
  A centaur zombie (D:5)
  A jelly (D:6)
  4 hounds
  3 bullfrog skeletons
  An iguana (D:7)
  4 orc priests
  Crazy Yiuf (D:5)
  A centaur skeleton (D:4)
  A gnoll shaman (D:3)
  Jessica (D:2)
  2 orc wizards
  Natasha (thrice) (D:4)
  5 worker ants
  A hound zombie (D:6)
  A worker ant zombie (D:6)
  9 gnolls
  A howler monkey skeleton (D:4)
  5 adders
  2 shadow imps
  An ooze (D:2)
  An adder zombie (D:4)
  2 adder skeletons
  3 worms
  3 dart slugs
  5 leopard geckos
  25 orcs
  7 bats
  9 giant cockroaches
  9 goblins
  4 hobgoblins
  13 jackals
  7 kobolds
  5 quokkas
  2 ball pythons (D:2)
  8 frilled lizards
  A leopard gecko skeleton (D:4)
  A leopard gecko zombie (D:6)
  2 quokka skeletons
  A quokka zombie (D:5)
  11 rats
195 creatures vanquished.

Vanquished Creatures (others)
  6 fulminant prisms
6 creatures vanquished.

Grand Total: 201 creatures vanquished

Notes
Turn   | Place    | Note
-------+----------+-------------------------------------------
     0 | D:1      | nikku the Deep Elf Conjurer began the quest for the Orb.
     0 | D:1      | Reached XP level 1. HP: 10/10 MP: 6/6
    79 | D:1      | Reached XP level 2. HP: 15/16 MP: 0/8
   465 | D:1      | Reached skill level 1 in Fighting
   635 | D:1      | Reached XP level 3. HP: 20/20 MP: 5/10
  1205 | D:1      | Learned a level 1 spell: Magic Dart
  1208 | D:1      | Learned a level 2 spell: Searing Ray
  1232 | D:2      | Reached skill level 4 in Spellcasting
  1258 | D:2      | Noticed Sigmund
  1277 | D:2      | HP: 1/20 [something/magic dart (7)]
  1735 | D:2      | Killed Sigmund
  1735 | D:2      | Reached skill level 5 in Spellcasting
  1735 | D:2      | Reached skill level 5 in Conjurations
  1735 | D:2      | Reached XP level 4. HP: 24/27 MP: 8/13
  1735 | D:2      | Reached XP level 5. HP: 28/31 MP: 8/14
  2141 | D:2      | Noticed Jessica
  2143 | D:2      | Killed Jessica
  2321 | D:2      | Reached XP level 6. HP: 36/36 MP: 14/16
  2433 | D:2      | Learned a level 4 spell: Fulminant Prism
  2438 | D:2      | Learned a level 4 spell: Iskenderun's Mystic Blast
  2828 | D:3      | Reached skill level 1 in Hexes
  2831 | D:3      | Reached skill level 1 in Translocations
  3109 | D:3      | Reached skill level 6 in Spellcasting
  3404 | D:3      | Reached XP level 7. HP: 41/41 MP: 6/18
  3954 | D:4      | Noticed Natasha
  3957 | D:4      | Killed Natasha
  4103 | D:4      | Noticed Menkaure
  4115 | D:3      | Killed Menkaure
  4115 | D:3      | Reached skill level 7 in Spellcasting
  4512 | D:4      | Reached XP level 8. HP: 48/48 MP: 17/20
  4635 | D:4      | Noticed Natasha
  4643 | D:4      | Killed Natasha
  5117 | D:4      | Noticed Natasha
  5147 | D:4      | Killed Natasha
  5174 | D:5      | Entered Level 5 of the Dungeon
  5330 | D:5      | Found Irox's Gadget Boutique.
  5355 | D:5      | Found a basalt altar of Yredelemnul.
  5408 | D:5      | Noticed Dowan
  5410 | D:5      | Noticed Duvessa
  5413 | D:5      | Killed Dowan
  5418 | D:5      | Killed Duvessa
  5418 | D:5      | Reached skill level 1 in Shields
  5418 | D:5      | Reached skill level 5 in Hexes
  5568 | D:5      | Found a white marble altar of Elyvilon.
  5837 | D:5      | Found a sacrificial altar of Ru.
  5926 | D:5      | Reached skill level 8 in Spellcasting
  6445 | D:5      | Found a runed translucent door.
  6446 | D:5      | Noticed Crazy Yiuf
  6451 | D:5      | Killed Crazy Yiuf
  6846 | D:6      | Found Ozafegy's Antique Armour Boutique.
  6933 | D:6      | Found Wutwouk's Antique Weapon Boutique.
  6934 | D:6      | Found Layziehi's Assorted Antiques.
  6935 | D:6      | Found Gorail's Food Boutique.
  6960 | D:6      | Reached XP level 9. HP: 33/52 MP: 11/23
  7317 | D:6      | Reached skill level 5 in Translocations
  7648 | D:6      | Found a staircase to the Ecumenical Temple.
  7930 | D:7      | Reached skill level 5 in Fighting
  8168 | D:7      | Noticed Pikel
  8184 | D:7      | Killed Pikel
  8184 | D:7      | Reached skill level 9 in Spellcasting
  8566 | D:7      | Found a shattered altar of Ashenzari.
  8568 | D:7      | Found a bloodstained altar of Trog.
  8594 | D:7      | Noticed a green ugly thing
  8602 | D:7      | Slain by a green ugly thing

Illustrated notes

Levels and vault maps discovered:
D:1:      lightli_arrival_noodles, layout_basic
D:2:      layout_loops_ring, grunt_decor_one_mirror, uniq_jessica, uniq_sigmund
D:3:      layout_basic
D:4:      layout_rooms, first_ration, gup_sewer_entry_bubbles,
          minmay_misc_feat_secret_circle, uniq_menkaure, uniq_natasha
D:5:      minmay_evil_eye, layout_loops_ring, kennysheep_ying_yang,
          nicolae_ru_awakened_eye, serial_shops, nicolae_shop_waterfront,
          uniq_crazy_yiuf_cottage, uniq_duvessa
D:6:      layout_cave_pools, minmay_temple_entry_mini_moons,
          minmay_shop_grid_forest
D:7:      layout_loops_ring, lemuel_coloured_pillars_altar,
          nicolae_overflow_hidden_temple, uniq_pikel

Skill      XL: |  1  2  3  4  5  6  7  8  9 |
---------------+----------------------------+-----
Fighting       | 1 2 3 4 5 |  5.4
Spellcasting   | 5 6 7 8 9 |  9.3
Conjurations   | 5 |  5.9
Hexes          | 1 3 5 7 |  7.1
Translocations | 1 3 4 6 |  6.0
Shields        | 2 4 |  4.5
Dodging        | |  2.4
Stealth        | |  2.4

Action                   |  1- 3 |  4- 6 |  7- 9 || total
-------------------------+-------+-------+-------++-------
Melee: Long sword        |       |       |     7 ||     7
Throw: Dart              |     1 |       |     1 ||     2
 Cast: Magic Dart        |    72 |    85 |   253 ||   410
       Searing Ray       |     4 |     9 |    40 ||    53
       Iskenderun's Myst |       |       |     7 ||     7
       Fulminant Prism   |       |       |     6 ||     6
  Use: Scroll            |     1 |     5 |     6 ||    12
       Potion            |       |       |     1 ||     1
  Eat: Chunk             |     1 |     3 |    16 ||    20
       Ration            |       |     1 |       ||     1
Armor: Robe              |     4 |     2 |    16 ||    22
Dodge: Dodged            |    35 |     1 |    47 ||    83
Block: Buckler           |       |       |    10 ||    10
       Rpst.: Long sword |       |       |    10 ||    10
